 Dungeon Crawl Stone Soup version 0.26-a0-651-gb41185065b (webtiles) character file.

Game seed: 2142239409591822245

179 tof the Chopper (level 5, -2/48 HPs)
             Began as a Hill Orc Monk on Oct 5, 2020.
             Slain by a gnoll
             ... wielding a +1 spear of venom
              (3 damage)
             ... on level 3 of the Dungeon.
             The game lasted 00:05:09 (3258 turns).

tof the Chopper (Hill Orc Monk)                     Turns: 3258, Time: 00:05:09

Health: -2/48      AC:  5    Str: 15    XL:     5   Next: 59%
Magic:  5/5        EV: 13    Int: 10    God:
Gold:   132        SH:  0    Dex: 19    Spells: 4/4 levels left

rFire    . . .     SeeInvis .   a - +0 hand axe
rCold    . . .     Faith    .   (no shield)
rNeg     . . .     Spirit   .   g - +0 leather armour (curse)
rPois    .         Reflect  .   (no helmet)
rElec    .         Harm     .   h - +0 cloak (curse)
rCorr    .         Rampage  .   (no gloves)
MR       .....                  d - +0 pair of boots
Stlth    ++........             (no amulet)
HPRegen  0.16/turn              i - ring of flight
MPRegen  0.09/turn              l - +6 ring of dexterity

@: lethally poisoned (-2 -> -23)
A: no striking features
a: Evoke Flight


You were on level 3 of the Dungeon.
You visited 1 branch of the dungeon, and saw 3 of its levels.

You collected 132 gold pieces.

Inventory:

Hand Weapons
 a - a +0 hand axe (weapon)
Armour
 b - a +0 robe
 d - a +0 pair of boots (worn)
 g - a cursed +0 leather armour (worn)
 h - a cursed +0 cloak (worn)
Jewellery
 i - a ring of flight (left hand)
 l - a +6 ring of dexterity (right hand)
Scrolls
 j - 3 scrolls of fog {unknown}
 k - 2 scrolls of identify {unknown}
 m - a scroll of teleportation {unknown}
 n - 4 scrolls of remove curse {unknown}
 o - a scroll of immolation {unknown}
 q - a scroll of random uselessness {unknown}
Potions
 c - 3 potions of curing {unknown}
 e - a potion of flight {unknown}
 f - 2 potions of lignification {unknown}
 p - a potion of brilliance {unknown}


   Skills:
 + Level 5.1 Fighting
 + Level 5.7 Axes
 + Level 3.0 Armour
 - Level 2.4 Dodging
 - Level 1.5 Stealth


You had 4 spell levels left.
You didn't know any spells.
Your spell library was empty.

Dungeon Overview and Level Annotations

Branches:
Dungeon (3/15)

Altars:
Qazlal
Ru
Trog
Wu Jian


Message History

The gnoll hits you from afar with a +0 spear.
* * * LOW HITPOINT WARNING * * *
* * * LOW HITPOINT WARNING * * *
You feel sick. The gnoll hits you but does no damage.
You are more poisoned.
* * * LOW HITPOINT WARNING * * *
You feel very sick.
You see here a dart slug corpse.
* * * LOW HITPOINT WARNING * * *
You feel very sick.
You see here a jackal corpse.
* * * LOW HITPOINT WARNING * * *
You feel sick.
* * * LOW HITPOINT WARNING * * *
You feel sick.
There is a stone staircase leading up here.
* * * LOW HITPOINT WARNING * * *
You feel sick.
The gnoll hits you from afar with a +1 spear of venom.
You die...

.#####...#..#...........
..............####.#....
...#.##†.###### #.#####
# #....## #....#
######...############.##
......†g...#.....<##....
.......g.†............>.
.......g..........##....
.......@.###......######
.........# ########
.........# ##########


You could see 3 gnolls.

Vanquished Creatures
  A worker ant (D:3)
  4 adders
  4 worms
  4 dart slugs
  5 leopard geckos
  3 orcs
  10 bats
  4 giant cockroaches
  10 goblins
  10 hobgoblins
  10 jackals
  9 kobolds
  A quokka (D:3)
  4 frilled lizards
  5 rats
84 creatures vanquished.

Notes
Turn   | Place    | Note
-------+----------+-------------------------------------------
     0 | D:1      | tof the Hill Orc Monk began the quest for the Orb.
     0 | D:1      | Reached XP level 1. HP: 19/19 MP: 1/1
    83 | D:1      | Reached XP level 2. HP: 27/27 MP: 2/2
   129 | D:1      | Reached skill level 1 in Armour
   428 | D:1      | Reached XP level 3. HP: 33/33 MP: 3/3
  1018 | D:2      | Found a stormy altar of Qazlal.
  1018 | D:2      | Noticed a water elemental
  1020 | D:2      | Noticed an air elemental
  1020 | D:2      | Noticed an earth elemental
  1020 | D:2      | Noticed a fire elemental
  1464 | D:2      | Reached XP level 4. HP: 41/41 MP: 4/4
  1523 | D:2      | Reached skill level 5 in Axes
  2004 | D:2      | Found an ornate altar of the Wu Jian Council.
  2006 | D:2      | Found a bloodstained altar of Trog.
  2361 | D:3      | Reached XP level 5. HP: 41/47 MP: 5/5
  2453 | D:3      | Found a sacrificial altar of Ru.
  2601 | D:3      | Reached skill level 5 in Fighting
  3258 | D:3      | HP: 1/48 [poisoned by a gnoll]
  3258 | D:3      | Slain by a gnoll

Illustrated notes

Levels and vault maps discovered:
D:1:      eino_arrival_tree_alley, layout_loops_ring,
          chequers_serial_rivers_small_b, palyth_stone_intersect
D:2:      layout_rooms, chequers_temple_overflow_statue_of_worship,
          nicolae_qazlal_style_of_elements
D:3:      layout_rooms, old_standard_altar, lemuel_crystal_altar, tso_altar

Skill      XL: |  1  2  3  4  5 |
---------------+----------------+-----
Armour         | 1 2 3 |  3.0
Fighting       | 4 5 |  5.1
Axes           | 5 |  5.7
Dodging        | |  2.4
Stealth        | |  1.5

Action                   |  1- 3 |  4- 6 || total
-------------------------+-------+-------++-------
Melee: Hand axe          |   117 |   186 ||   303
 Abil: Evoke Flight      |     2 |       ||     2
 Stab: Sleeping          |     1 |     2 ||     3
Armor: Robe              |    19 |       ||    19
       Leather armour    |    22 |    74 ||    96
Dodge: Dodged            |    90 |   171 ||   261

Table legend: (Time is in decaauts)
 A = Elapsed time spent in this place.
 B = Non-inter-level travel time spent in this place.
 C = Inter-level travel time spent in this place.
 D = Time resting spent in this place.
 E = Time spent auto-exploring this place.
 F = Levels seen in this place.
 G = Mean time per level.
                   A        B        C        D        E       F      G
               +--------+--------+--------+--------+--------+-----+--------+
         Total |   3277 |   3214 |     63 |   1269 |   1139 |   3 | 1092.3 |
       Dungeon |   3277 |   3214 |     63 |   1269 |   1139 |   3 | 1092.3 |
               +--------+--------+--------+--------+--------+-----+--------+

Top non-repeatable levels by time:
     D:2: 1485 daAuts
     D:1: 1224 daAuts
     D:3: 567 daAuts
